[Event "CN Seniori 2012"]
[Site "Sarata Monteoru/Romania"]
[Date "2012.02.21"]
[Round "11.14"]
[White "Ciobanu, Viorel Adrian"]
[Black "Baratosi, Daniel"]
[Result "0-1"]
[ECO "B74"]
[WhiteElo "2219"]
[BlackElo "2418"]
[Annotator "Robot 4"]
[PlyCount "80"]
[EventDate "2012.??.??"]
[TimeControl "40/5400+30:900+30"]

1. e4 c5 2. Nf3 Nc6 3. d4 cxd4 4. Nxd4 g6 5. Nc3 Bg7 6. Nb3 Nf6 7. Be2 O-O 8.
O-O d6 9. Be3 a6 10. f3 b5 11. Qd2 Bb7 12. Rfd1 Ne5 13. Bh6 Bxh6 14. Qxh6 Qb6+
15. Kh1 Rac8 16. Nd4 b4 17. Na4 Qa5 18. b3 Ned7 19. Nb2 Rc5 20. Nc4 Qc7 21. g4
Kh8 22. Rg1 Rg8 23. Bd3 d5 24. Nd2 Qe5 25. Qe3 dxe4 26. fxe4 Rc3 27. N4f3 Qc5
28. Rae1 Qxe3 29. Rxe3 Nc5 30. Ne5 Nfxe4 31. Nxe4 Nxe4 32. Bxe4 Rxe3 33. Nxf7+
Kg7 34. Bxb7 Kxf7 35. Bxa6 Rd8 36. Bd3 e5 37. Rf1+ Ke7 38. Rf2 e4 39. Bc4 Rf8
40. Rd2 Rf4 0-1

[Event "CN Seniori 2012"]
[Site "Sarata Monteoru/Romania"]
[Date "2012.02.19"]
[Round "9.12"]
[White "Ciobanu, Viorel Adrian"]
[Black "Dumitrache, Dragos Nicolae"]
[Result "0-1"]
[ECO "C41"]
[WhiteElo "2219"]
[BlackElo "2460"]
[Annotator "Robot 3"]
[PlyCount "136"]
[EventDate "2012.??.??"]
[TimeControl "40/5400+30:900+30"]

1. e4 d6 2. d4 Nf6 3. Nc3 e5 4. Nf3 Nbd7 5. Bc4 Be7 6. O-O O-O 7. a4 a6 8. Re1
b6 9. Nh4 exd4 10. Qxd4 Nc5 11. Nf5 Bxf5 12. exf5 c6 13. Bf1 d5 14. Qd1 a5 15.
Be3 Re8 16. Qf3 Nfd7 17. Bf4 Bf6 18. Rad1 Be5 19. Bxe5 Nxe5 20. Qf4 Qf6 21. g4
h6 22. Qg3 Rad8 23. Kh1 Kf8 24. h3 Kg8 25. Bg2 Nc4 26. b3 Nd6 27. Kh2 Kf8 28.
Kh1 Re7 29. Kh2 Rde8 30. Rxe7 Qxe7 31. Rd2 Qe5 32. Qxe5 Rxe5 33. Nd1 Re1 34. f3
Ke7 35. Kg3 Kd7 36. Kf2 Re8 37. Nc3 Na6 38. Bf1 Nc7 39. Ne2 b5 40. Nc3 b4 41.
Ne2 c5 42. Nf4 Kc6 43. Nh5 g6 44. Nf6 Rf8 45. Bb5+ Ndxb5 46. axb5+ Nxb5 47.
Nxd5 Nd4 48. Ne3 gxf5 49. Nc4 fxg4 50. hxg4 f5 51. Kg3 fxg4 52. fxg4 a4 53.
bxa4 Rf3+ 54. Kg2 Rc3 55. Ne5+ Kd5 56. Nd3 Rxc2 57. Rxc2 Nxc2 58. a5 Nd4 59. a6
Nb5 60. Kf2 b3 61. Nb2 c4 62. Ke3 c3 63. Na4 Kc6 64. a7 Nxa7 65. Nxc3 Kc5 66.
Kd3 Kb4 67. Ne4 Nc6 68. g5 Ne5+ 0-1

[Event "CN Seniori 2012"]
[Site "Sarata Monteoru/Romania"]
[Date "2012.02.15"]
[Round "4.10"]
[White "Manolache, Marius"]
[Black "Ciobanu, Viorel Adrian"]
[Result "1-0"]
[ECO "D07"]
[WhiteElo "2552"]
[BlackElo "2219"]
[PlyCount "63"]
[EventDate "2012.??.??"]
[TimeControl "40/5400+30:900+30"]

1. d4 d5 2. c4 Nc6 3. Nf3 Bg4 4. Nc3 Bxf3 5. gxf3 e6 6. e3 Bb4 7. Bd2 Bxc3 8.
bxc3 Nge7 9. cxd5 exd5 10. Bd3 O-O 11. Qb1 f5 12. Qxb7 Rb8 13. Qa6 Qd6 14. Qa4
Rf6 15. Rb1 Re8 16. Rb5 Kh8 17. f4 Nc8 18. Kf1 Nb6 19. Qb3 Ne7 20. Bc1 c6 21.
Ra5 Qd7 22. Ba3 Nec8 23. Bc5 Qf7 24. Qd1 Nc4 25. Bxc4 dxc4 26. Rg1 Nb6 27. Qf3
h6 28. d5 cxd5 29. Bd4 Rg6 30. Rxg6 Qxg6 31. Rxa7 Rg8 32. Qg3 1-0

[Event "CN Seniori 2012"]
[Site "Sarata Monteoru/Romania"]
[Date "2012.02.14"]
[Round "2.7"]
[White "Miron, Lucian Costin"]
[Black "Ciobanu, Viorel Adrian"]
[Result "1-0"]
[ECO "D34"]
[WhiteElo "2525"]
[BlackElo "2219"]
[PlyCount "98"]
[EventDate "2012.??.??"]
[TimeControl "40/5400+30:900+30"]

1. d4 d5 2. c4 e6 3. Nc3 c5 4. cxd5 exd5 5. Nf3 Nc6 6. g3 Nf6 7. Bg2 Be7 8. O-O
O-O 9. dxc5 Bxc5 10. Na4 Be7 11. Be3 Bg4 12. Rc1 Re8 13. Nc5 Bxc5 14. Bxc5 Qd7
15. Re1 h6 16. b3 Bh3 17. Bh1 Ne4 18. Be3 Rad8 19. Nd4 Ne5 20. f3 Nf6 21. Bf2
h5 22. Qd2 h4 23. gxh4 Nh5 24. Qg5 g6 25. Bg3 f6 26. Qd2 Re7 27. Rc3 Rg7 28. f4
Ng4 29. Rc5 Qe7 30. Rxd5 Rxd5 31. Bxd5+ Kh7 32. Bf3 Qc5 33. e3 Qb6 34. a4 Re7
35. a5 Qc5 36. b4 Qd6 37. Nb3 Qc7 38. Rc1 Qb8 39. e4 Qe8 40. Rd1 b6 41. axb6
axb6 42. Nd4 Rd7 43. Qe2 Qd8 44. Ne6 Qc8 45. Bxg4 Bxg4 46. Qxg4 Qc1 47. Kg2
Qc2+ 48. Kh3 Qd3 49. Nf8+ Kg7 1-0